[Event "Team 45 45 League T58"]
[Site "Internet Chess Club"]
[Date "2013.08.30"]
[Round "2"]
[White "Tobiasdelmonte"]
[Black "LiangLiang"]
[Result "0-1"]
[WhiteElo "1818"]
[BlackElo "1838"]
[Opening "Grünfeld defense"]
[ECO "D80"]
[Time "21:08:36"]
[TimeControl "2700+45"]

1. d4 Nf6 2. c4 g6 3. Nc3 d5 4. h4 h5 5. Bg5 Ne4 6. Nxd5 Nxg5 7. hxg5 Bg7 8. Nf3
Bg4 9. Ne5 e6 10. Nxg4 hxg4 11. Rxh8+ Bxh8 12. Nf6+ Bxf6 13. gxf6 Qxf6 14. e3
Nd7 15. Qxg4 c5 16. O-O-O Qxf2 17. Qe4 O-O-O 18. Kb1 Qf5 19. Qxf5 gxf5 20. Be2
cxd4 21. exd4 Nf6 22. Bf3 Ng4 23. Rd2 Ne5 24. Be2 Ng4 25. Kc2 Ne3+ 26. Kc3 Rh8
27. Bf3 Rh2 28. Kd3 Ng4 29. d5 Ne5+ 30. Ke2 Nxf3 31. Kxf3 Rh4 32. b3 b6 33. g3
Re4 34. Rd3 Rg4 35. a4 e5 36. Re3 e4+ 37. Kf2 f4 38. gxf4 f5 39. Rh3 Rxf4+ 40.
Ke3 Rf1 41. Kd4 Rd1+ 42. Ke3 Rd3+ {White resigns} 0-1

[Event "Team 45 45 League T58"]
[Site "Internet Chess Club"]
[Date "2013.08.30"]
[Round "2"]
[White "joebobpop"]
[Black "scottk74"]
[Result "1-0"]
[WhiteElo "1828"]
[BlackElo "1637"]
[Opening "Sicilian: Najdorf, Opocensky variation"]
[ECO "B92"]
[Time "21:03:39"]
[TimeControl "2700+45"]

1. e4 c5 2. Nf3 d6 3. d4 cxd4 4. Nxd4 Nf6 5. Nc3 a6 6. Be2 e5 7. Nb3 Be7 8. Be3
Be6 9. O-O O-O 10. f3 Nbd7 11. Qd2 Qc7 12. Rfd1 Nb6 13. Rac1 d5 14. exd5 Nbxd5
15. Nxd5 Nxd5 16. Bf2 h6 17. Ra1 Bg5 18. Qe1 Qxc2 19. Bc5 Rfc8 20. Rab1 Be3+ 21.
Bxe3 Nxe3 22. Rd2 Qg6 23. Bd3 Qg5 24. Re2 Nc4 25. Bxc4 Bxc4 26. Rxe5 Qg6 27. Kh1
Bxb3 28. axb3 Qc2 29. Re3 Qc7 30. Rc3 {Black resigns} 1-0

[Event "Team 45 45 League T58"]
[Site "Internet Chess Club"]
[Date "2013.08.28"]
[Round "2"]
[White "fireball"]
[Black "DouDou"]
[Result "1-0"]
[WhiteElo "1763"]
[BlackElo "1878"]
[Opening "KGA: Cunningham, Euwe defense"]
[ECO "C35"]
[Time "23:30:43"]
[TimeControl "2700+45"]

1. e4 e5 2. f4 exf4 3. Nf3 Be7 4. Bc4 Nf6 5. Nc3 d6 6. d4 Nxe4 7. Bxf7+ Kxf7 8.
Nxe4 Rf8 9. Bxf4 Kg8 10. Qd2 Bg4 11. O-O d5 12. Ng3 Nc6 13. Ne5 Nxe5 14. Bxe5
Qd7 15. h3 Be6 16. Nh5 Rxf1+ 17. Rxf1 Rf8 18. Nxg7 Rxf1+ 19. Kxf1 Bf7 20. Qh6
Bf8 21. Qf6 Bg6 22. Ne6 Qf7 23. Qxf7+ Kxf7 24. Nxc7 Bxc2 25. Nxd5 Bd3+ 26. Kf2
Bc4 27. Nc3 Bb4 28. a3 Bxc3 29. bxc3 Ke6 30. g4 Kd5 31. Ke3 Bf1 32. h4 Bh3 33.
g5 Be6 34. h5 Bf7 35. g6 hxg6 36. h6 Bg8 37. Kf4 {Black resigns} 1-0

[Event "Team 45 45 League T58"]
[Site "Internet Chess Club"]
[Date "2013.08.29"]
[Round "2"]
[White "spuzzy"]
[Black "fledermaus"]
[Result "0-1"]
[WhiteElo "1863"]
[BlackElo "1963"]
[Opening "Sicilian: Scheveningen, Keres attack"]
[ECO "B81"]
[Time "18:00:57"]
[TimeControl "2700+45"]

1. e4 c5 2. Nf3 e6 3. d4 cxd4 4. Nxd4 Nf6 5. Nc3 d6 6. g4 h6 7. g5 hxg5 8. Bxg5
Be7 9. Qd2 a6 10. Bg2 Qc7 11. O-O-O Bd7 12. h4 Nc6 13. f4 O-O-O 14. Qe2 Nh5 15.
Bxe7 Nxe7 16. Qf2 e5 17. fxe5 dxe5 18. Nf5 Nxf5 19. exf5 Nf4 20. Nd5 Nxd5 21.
Rxd5 Bc6 22. Rc5 f6 23. Bxc6 bxc6 24. Rh3 Qd6 25. Rd3 Qc7 26. Qf3 Rxd3 27. Qxd3
Rxh4 28. Qxa6+ Kd7 29. Qd3+ Ke7 30. b3 Qa7 31. Rxc6 Qa3+ 32. Kd2 Rd4 {White
resigns} 0-1

[Event "Team 45 45 League T58"]
[Site "Internet Chess Club"]
[Date "2013.08.31"]
[Round "2"]
[White "jonesey"]
[Black "IshanR"]
[Result "1-0"]
[WhiteElo "1819"]
[BlackElo "1884"]
[Opening "QGD: Tarrasch defense"]
[ECO "D32"]
[Time "04:19:56"]
[TimeControl "2700+45"]

1. d4 d5 2. c4 e6 3. Nc3 c5 4. cxd5 exd5 5. Nf3 Nc6 6. dxc5 d4 7. Ne4 Qd5 8.
Nd6+ Bxd6 9. cxd6 Qxd6 10. g3 Nf6 11. Bg2 O-O 12. O-O Be6 13. a3 Rfe8 14. Qd3
Qc5 15. Bg5 Bc4 16. Qc2 Rxe2 17. Qc1 Qb5 18. Bxf6 gxf6 19. Qf4 Rd8 20. Qxf6 Re6
21. Qh4 Bxf1 22. Ng5 Bd3 23. Nxe6 Rd7 24. Nc5 Rd6 25. Nxd3 Qxd3 26. Be4 Qe2 27.
Qxh7+ Kf8 28. Bd3 Qd2 29. Bc4 Rf6 30. Rf1 Ne5 31. Bd5 Qxb2 32. Qh8+ Ke7 33. Qb8
Nf3+ 34. Kg2 Ne1+ 35. Rxe1+ {Black resigns} 1-0

[Event "Team 45 45 League T58"]
[Site "Internet Chess Club"]
[Date "2013.09.02"]
[Round "2"]
[White "knightstormala"]
[Black "gcl"]
[Result "1/2-1/2"]
[WhiteElo "1748"]
[BlackElo "1668"]
[Opening "English opening"]
[ECO "A20"]
[Time "19:02:30"]
[TimeControl "2700+45"]

1. c4 e5 2. g3 Nf6 3. Bg2 h6 4. Nc3 Bb4 5. Nd5 Be7 6. Nxe7 Qxe7 7. a3 O-O 8. d3
Nc6 9. e4 d6 10. Ne2 Bg4 11. f3 Bh5 12. Be3 a6 13. Qd2 Nh7 14. O-O Bg6 15. f4 f6
16. f5 Bh5 17. Nc3 Nd4 18. Bxd4 exd4 19. Nd5 Qd7 20. Nf4 Bf7 21. Ne2 c5 22. h4
Rfe8 23. g4 Rab8 24. Rab1 b5 25. b3 bxc4 26. bxc4 Qa4 27. Qa2 Qa5 28. Rfc1 Qc7
29. Rc2 Rxb1+ 30. Qxb1 Rb8 31. Rb2 Rxb2 32. Qxb2 Nf8 33. Qc1 Qa5 34. Kf2 Nd7 35.
Nf4 Ne5 36. Bf3 Qb6 37. Qc2 Be8 38. Bd1 Qc7 39. Qd2 Qb7 40. Qc2 Qb6 41. Qb3 Qxb3
42. Bxb3 Nxg4+ 43. Kf3 Ne5+ 44. Kg3 Kf8 45. Bc2 h5 46. Ne6+ Kf7 47. Nc7 a5 48.
Nd5 g5 49. fxg6+ Nxg6 50. Nf4 Nxf4 51. Kxf4 Ke6 52. Bd1 Bg6 53. Bf3 f5 54. exf5+
Bxf5 55. Be4 Bg4 56. Bd5+ Kf6 57. Be4 Be2 58. Bh7 d5 59. cxd5 c4 60. dxc4 Bxc4
61. Ke4 d3 62. Ke3 Bxd5 63. Kxd3 Ke5 64. Bg6 Bf3 65. Kc4 Kf4 66. Kb5 Kg3 67.
Kxa5 Kxh4 68. Kb6 Kg5 69. Bxh5 Kxh5 70. a4 {Game drawn by mutual agreement}
1/2-1/2

[Event "Team 45 45 League T58"]
[Site "Internet Chess Club"]
[Date "2013.08.30"]
[Round "2"]
[White "kabindra"]
[Black "Goodfella"]
[Result "1-0"]
[WhiteElo "1800"]
[BlackElo "1550"]
[Opening "Sicilian: Tartakower variation"]
[ECO "B53"]
[Time "02:00:46"]
[TimeControl "2700+45"]

1. e4 c5 2. Nf3 d6 3. d4 cxd4 4. c3 dxc3 5. Nxc3 Nc6 6. Bc4 Nf6 7. e5 Ng4 8. e6
Bxe6 9. Bxe6 fxe6 10. Ng5 Nge5 11. Nxe6 Qd7 12. Nd5 Nd8 13. Nec7+ {Black
resigns} 1-0

[Event "Team 45 45 League T58"]
[Site "Internet Chess Club"]
[Date "2013.08.29"]
[Round "2"]
[White "Helaman"]
[Black "mmf00"]
[Result "1-0"]
[WhiteElo "2018"]
[BlackElo "1983"]
[Opening "French: Winawer, advance variation"]
[ECO "C16"]
[Time "19:00:46"]
[TimeControl "2700+45"]

1. e4 e6 2. d4 d5 3. Nc3 Bb4 4. e5 Ne7 5. Qg4 Nf5 6. Nf3 h5 7. Qf4 Nc6 8. Bd3
Be7 9. Ne2 Nb4 10. Bxf5 exf5 11. Qd2 Be6 12. c3 Nc6 13. O-O h4 14. h3 Qd7 15. b4
O-O-O 16. a4 Rdg8 17. Ng5 Rh5 18. f4 f6 19. Nxe6 Qxe6 20. Qc2 Rf8 21. Bd2 g5 22.
a5 fxe5 23. b5 Nb8 24. fxe5 Rhh8 25. Ra4 c6 26. c4 dxc4 27. Rxc4 f4 28. Qb3 Qd7
29. Rfc1 f3 30. gxf3 Qxh3 31. bxc6 bxc6 32. Rxc6+ Nxc6 33. Rxc6+ Kd7 34. Qb7+
Ke8 35. e6 Rxf3 36. Rc8+ Bd8 37. Rxd8+ Kxd8 38. Qd7# {Black checkmated} 1-0

[Event "Team 45 45 League T58"]
[Site "Internet Chess Club"]
[Date "2013.08.29"]
[Round "2"]
[White "Goldenberg"]
[Black "flyingpawns"]
[Result "1-0"]
[WhiteElo "1914"]
[BlackElo "1767"]
[Opening "French: exchange variation"]
[ECO "C01"]
[Time "22:11:19"]
[TimeControl "2700+45"]

1. e4 e6 2. d4 d5 3. exd5 exd5 4. c4 c6 5. Nf3 Bd6 6. Nc3 Ne7 7. cxd5 cxd5 8.
Bd3 Nbc6 9. O-O Bg4 10. Re1 Qd7 11. h3 Bxf3 12. Qxf3 O-O-O 13. Be3 Kb8 14. Nb5
Ka8 15. Nxd6 Qxd6 16. Qxf7 Rdf8 17. Qxg7 Rfg8 18. Qh6 Ng6 19. Rac1 Qb4 20. Qh5
Qxb2 21. Qxd5 Rd8 22. Qf7 Nxd4 23. Bxg6 hxg6 24. Rb1 Ne2+ 25. Kh1 {Black
resigns} 1-0

[Event "Team 45 45 League T58"]
[Site "Internet Chess Club"]
[Date "2013.09.03"]
[Round "2"]
[White "latayvia"]
[Black "zigzag2002"]
[Result "0-1"]
[WhiteElo "1727"]
[BlackElo "2019"]
[Opening "Sicilian: Alapin's variation (2.c3)"]
[ECO "B22"]
[Time "16:17:56"]
[TimeControl "2700+45"]

1. e4 c5 2. c3 Nf6 3. e5 Nd5 4. Nf3 Nc6 5. d4 cxd4 6. cxd4 d6 7. Bc4 Nb6 8. Bb5
d5 9. Nh4 a6 10. Bxc6+ bxc6 11. O-O e6 12. Nf3 Be7 13. b3 O-O 14. Ba3 Bb7 15.
Qd2 a5 16. Bxe7 Qxe7 17. Rc1 Rfc8 18. Nc3 Ba6 19. Nd1 a4 20. Ne3 Bb5 21. h3 Nd7
22. b4 a3 23. Rab1 Nb6 24. Ne1 Ra4 25. Rc5 Nd7 26. Rcc1 Nb8 27. Qc3 Na6 28. N1c2
h6 29. Nxa3 Nc7 30. Rb2 Rca8 31. Nec2 Qg5 32. Ra1 Ne8 33. Nxb5 cxb5 34. a3 f6
35. Qc6 R4a6 36. Qxb5 fxe5 37. Qd3 exd4 38. b5 Ra4 39. b6 Nd6 40. Nxd4 Qf6 41.
b7 Nxb7 42. Rxb7 Rxd4 43. Qb1 Rd2 44. Qf1 Rxf2 45. Qxf2 Qxa1+ 46. Kh2 Qe5+ 47.
g3 Rf8 48. Qc2 Qe3 {White resigns} 0-1

[Event "Team 45 45 League T58"]
[Site "Internet Chess Club"]
[Date "2013.08.30"]
[Round "2"]
[White "divy7"]
[Black "Moondog"]
[Result "1/2-1/2"]
[WhiteElo "1662"]
[BlackElo "1624"]
[Opening "Giuoco Pianissimo"]
[ECO "C50"]
[Time "14:36:44"]
[TimeControl "2700+45"]

1. e4 e5 2. Nf3 Nc6 3. Bc4 Bc5 4. d3 Nf6 5. Bg5 h6 6. Bh4 d6 7. h3 g5 8. Bg3 Be6
9. Bxe6 fxe6 10. Nc3 Qd7 11. Qd2 O-O-O 12. O-O-O Nd4 13. Ng1 Rhf8 14. Nge2 Nh5
15. Nxd4 Bxd4 16. Rhf1 Nf4 17. Bxf4 Rxf4 18. f3 Bxc3 19. Qxc3 Qa4 20. Qb3 Qxb3
21. axb3 Rdf8 22. Kd2 h5 23. Rf2 Kd7 24. Rdf1 h4 25. Ra1 a6 26. Ke3 c5 27. Ra4
d5 28. Rf1 d4+ 29. Ke2 Rc8 30. Rc1 Rc6 31. Rca1 Rf8 {Game drawn by mutual
agreement} 1/2-1/2

[Event "Team 45 45 League T58"]
[Site "Internet Chess Club"]
[Date "2013.08.30"]
[Round "2"]
[White "Cryptochess"]
[Black "chess9793"]
[Result "1-0"]
[WhiteElo "2106"]
[BlackElo "2067"]
[Opening "Sicilian: Smith-Morra gambit"]
[ECO "B21"]
[Time "19:08:49"]
[TimeControl "2700+45"]

1. e4 c5 2. d4 cxd4 3. c3 dxc3 4. Nxc3 Nc6 5. Nf3 d6 6. Bc4 a6 7. O-O Nf6 8. Bf4
Bg4 9. Qb3 e6 10. Qxb7 Na5 11. Qb4 e5 12. Bxa6 exf4 13. Bb5+ Bd7 14. Nd5 Nxd5
15. exd5 Be7 16. Bxd7+ Qxd7 17. Qxf4 O-O 18. b4 Nb7 19. a3 Rfc8 20. Qe3 Bf6 21.
Nd4 Qg4 22. f4 Rc4 23. Rfd1 h5 24. h3 Qd7 25. Ra2 Rxb4 26. Nc6 Rba4 27. Qf3 g6
28. g4 hxg4 29. hxg4 Nc5 30. f5 Re8 31. Rg2 g5 32. Qh3 Ree4 33. Rb1 Na6 34. Qh6
Bd4+ 35. Nxd4 Raxd4 36. f6 {Black resigns} 1-0

[Event "Team 45 45 League T58"]
[Site "Internet Chess Club"]
[Date "2013.08.30"]
[Round "2"]
[White "The7thGuest"]
[Black "Stryker672"]
[Result "0-1"]
[WhiteElo "2017"]
[BlackElo "2059"]
[Opening "Ruy Lopez: classical defense, Benelux variation"]
[ECO "C64"]
[Time "13:03:54"]
[TimeControl "2700+45"]

1. e4 e5 2. Nf3 Nc6 3. Bb5 Bc5 4. O-O Nf6 5. c3 O-O 6. d4 Bb6 7. Bg5 h6 8. Bh4
d6 9. Bxc6 bxc6 10. dxe5 dxe5 11. Qxd8 Rxd8 12. Nxe5 g5 13. Bg3 Nxe4 14. Nxc6
Re8 15. Re1 Bb7 16. Nd4 Nxg3 17. Rxe8+ Rxe8 18. fxg3 Re2 19. Kf1 Rxg2 20. Na3
Rxh2 21. Re1 Bxd4 22. Re8+ Kg7 23. cxd4 Rxb2 24. Ke1 Ba6 25. Re3 Rxa2 26. Rc3
Rg2 27. Rxc7 Rxg3 28. Nc2 Bd3 29. Kd2 Bxc2 30. Kxc2 h5 31. d5 Kf6 32. d6 Ke6 33.
d7 Ke7 34. Rxa7 Kd8 35. Kd2 f5 36. Ke2 f4 37. Kf2 h4 38. Rb7 h3 39. Ra7 g4
{White resigns} 0-1

[Event "Team 45 45 League T58"]
[Site "Internet Chess Club"]
[Date "2013.08.31"]
[Round "2"]
[White "hood"]
[Black "byebyebadman"]
[Result "1/2-1/2"]
[WhiteElo "1740"]
[BlackElo "1874"]
[Opening "Sicilian: Taimanov variation"]
[ECO "B48"]
[Time "12:07:09"]
[TimeControl "2700+45"]

1. e4 c5 2. Nf3 e6 3. d4 cxd4 4. Nxd4 Nc6 5. Nc3 Qc7 6. Be3 a6 7. Qd2 Nf6 8. f3
Ne5 9. O-O-O Bb4 10. g4 Bxc3 11. Qxc3 Qxc3 12. bxc3 d5 13. g5 Nh5 14. Be2 Nc4
15. Bf2 Nf4 16. Bxc4 dxc4 17. Bg3 Nh3 18. f4 e5 19. fxe5 Nxg5 20. Rde1 O-O 21.
h4 Ne6 22. Nf5 g6 23. Nd6 b5 24. Rhf1 Bd7 25. Rf6 Nc5 26. Bf2 Ne6 27. Rf1 Be8
28. Be3 Kg7 29. Rg1 Rd8 30. Nf5+ Kh8 31. Bh6 gxf5 32. Rxe6 fxe6 33. Bxf8 Rd7 34.
exf5 Rf7 35. Bh6 Rxf5 36. Bg7+ Kg8 37. Bf6+ Bg6 38. Rg5 Kf8 39. Rxf5 exf5 40.
Kd2 Kf7 41. Ke3 Ke6 42. Kf4 Bh5 43. Ke3 Bd1 44. Kd2 Bf3 45. a3 f4 46. Ke1 Bg4
47. Kf2 Bd1 48. Bg7 Kf5 49. Bf6 Bxc2 50. Bg7 Be4 51. Bf6 a5 52. Bh8 b4 53. cxb4
axb4 54. axb4 c3 55. e6 c2 56. Bb2 Kxe6 57. Bc1 Kf5 58. b5 Kg4 59. b6 Kxh4 60.
Bxf4 Kg4 61. Bd2 h5 62. Kg1 h4 63. Kh2 h3 64. Bh6 Bg2 65. Bc1 Kf5 66. b7 Bxb7
67. Kxh3 {Game drawn by mutual agreement} 1/2-1/2

[Event "Team 45 45 League T58"]
[Site "Internet Chess Club"]
[Date "2013.08.30"]
[Round "2"]
[White "Japeth"]
[Black "CHENENE"]
[Result "0-1"]
[WhiteElo "1832"]
[BlackElo "1602"]
[Opening "Sicilian: Sveshnikov variation"]
[ECO "B33"]
[Time "20:03:38"]
[TimeControl "2700+45"]

1. e4 c5 2. Nf3 Nc6 3. d4 cxd4 4. Nxd4 Nf6 5. Nc3 e5 6. Ndb5 d6 7. Bg5 a6 8. Na3
b5 9. Bxf6 gxf6 10. Nd5 f5 11. c3 Bg7 12. exf5 Bxf5 13. Nc2 O-O 14. Nce3 Be6 15.
Bd3 f5 16. O-O f4 17. Qh5 h6 18. Qg6 Re8 19. Ng4 Bxd5 20. Nxh6+ Kf8 21. Be4 Ne7
22. Qh5 Qd7 23. Rad1 Bxa2 24. Bxa8 Rxa8 25. g3 Qe6 26. Ng4 Bc4 27. Rfe1 Ng6 28.
Qg5 Kg8 29. Nh6+ Bxh6 30. Qxh6 Ra7 31. Qg5 Kf7 32. Qh6 Rd7 33. Qh5 Kg7 34. Qg5
Qf6 35. Qg4 Be6 36. Qf3 fxg3 37. Qxg3 a5 38. Re3 Qf5 39. Red3 Kf7 40. Ra1 a4 41.
Rad1 Bb3 42. R1d2 Bc4 43. Rf3 Nf4 44. h3 Kf8 45. Qh4 Ne2+ 46. Rxe2 Qxf3 47. Qh8+
Ke7 48. Re3 Qf6 49. Qh7+ Kd8 50. Qe4 Kc7 51. Qa8 Qg5+ 52. Rg3 Qc1+ 53. Kh2 Qxb2
54. Qa7+ Kd8 55. Qb8+ Ke7 56. Rf3 Rd8 57. Qc7+ Rd7 58. Qb8 Bf7 59. Qh8 Qa2 60.
Qf6+ Ke8 61. Qh8+ Bg8 62. Rg3 Qxf2+ 63. Rg2 Qf4+ 64. Kh1 Qf1+ 65. Kh2 Qf4+ 66.
Kh1 Rf7 67. Rxg8+ Rf8 68. Qh5+ Kd7 69. Rg7+ Kc6 70. Qh7 Qc1+ 71. Rg1 Qxc3 72.
Qe4+ Kc5 73. Rg2 Qxh3+ 74. Kg1 Rf3 75. Qc2+ Rc3 76. Qb2 b4 77. Rf2 d5 78. Rf8
Rg3+ 79. Kf2 Rg2+ 80. Ke1 Qh1+ 81. Rf1 Qxf1+ 82. Kxf1 Rxb2 83. Kg1 a3 84. Kf1 a2
85. Kg1 a1=Q# {White checkmated} 0-1

[Event "Team 45 45 League T58"]
[Site "Internet Chess Club"]
[Date "2013.08.30"]
[Round "2"]
[White "primerpaso"]
[Black "abishekk"]
[Result "1-0"]
[WhiteElo "1920"]
[BlackElo "1775"]
[Opening "English opening"]
[ECO "A17"]
[Time "19:02:02"]
[TimeControl "2700+45"]

1. c4 Nf6 2. Nc3 e6 3. g3 b6 4. Bg2 Nc6 5. e4 Bc5 6. Nge2 e5 7. O-O Bb7 8. d3
Qe7 9. Bg5 h6 10. Nd5 Qd8 11. Bxf6 gxf6 12. Qd2 Nd4 13. Nec3 c6 14. Ne3 Qe7 15.
Kh1 h5 16. h4 O-O-O 17. Rae1 Rdg8 18. a3 Qe6 19. b4 Bf8 20. Kh2 Bh6 21. Qd1 Qe8
22. Ne2 Bxe3 23. fxe3 Nxe2 24. Rxe2 Qe7 25. Ref2 Rg6 26. Rf5 Rhg8 27. R1f3 Kc7
28. Qf1 a5 29. Rxf6 Rxf6 30. Rxf6 axb4 31. Rxf7 Qc5 32. axb4 Qxe3 33. Qf3 Qe1
34. Rxd7+ Kb8 35. Rxb7+ {Black resigns} 1-0

[Event "Team 45 45 League T58"]
[Site "Internet Chess Club"]
[Date "2013.09.02"]
[Round "2"]
[White "misuc56"]
[Black "Baseta"]
[Result "1-0"]
[WhiteElo "1822"]
[BlackElo "1761"]
[Opening "Queen's gambit declined"]
[ECO "D30"]
[Time "16:00:19"]
[TimeControl "2700+45"]

1. d4 d5 2. c4 e6 3. e3 Nf6 4. Nc3 Be7 5. Bd2 Nbd7 6. c5 c6 7. Nf3 O-O 8. h3 Qc7
9. Be2 e5 10. b4 e4 11. Nh2 Re8 12. a4 Nf8 13. b5 Be6 14. a5 Ng6 15. O-O Qd7 16.
Kh1 Red8 17. a6 bxa6 18. Rxa6 Rdc8 19. bxc6 Qd8 20. Qa4 Ne8 21. Ra1 Bh4 22. Be1
f5 23. g3 f4 24. exf4 Bxh3 25. Nxd5 Kh8 26. Ne3 Bf6 27. Rd1 Nc7 28. Ba5 Qe7 29.
Bxc7 Rxc7 30. Nd5 Qd8 31. Nxc7 Qxc7 32. Qa5 Qe7 33. c7 Rc8 34. Rxa7 e3 35. f3 h5
36. Ra8 h4 37. Rxc8+ Bxc8 38. c6 hxg3 39. Qh5+ Kg8 40. Qxg6 Qxc7 41. Ng4 Bxg4
42. Qxg4 Qxc6 43. Qxg3 Qc2 44. Qg2 Qf5 45. Bc4+ Kf8 46. Qg4 Qc2 47. Qc8+ Ke7 48.
Qe6+ Kd8 49. Ra1 Qh7+ 50. Kg2 Qg6+ 51. Kf1 e2+ 52. Kxe2 Qc2+ 53. Kf1 Kc7 54.
Ra7+ {Black resigns} 1-0

[Event "Team 45 45 League T58"]
[Site "Internet Chess Club"]
[Date "2013.08.28"]
[Round "2"]
[White "NFork"]
[Black "ARuperez"]
[Result "0-1"]
[WhiteElo "2212"]
[BlackElo "2117"]
[Opening "French: Winawer, Alekhine (Maróczy) gambit"]
[ECO "C15"]
[Time "03:16:42"]
[TimeControl "2700+45"]

1. e4 e6 2. d4 d5 3. Nc3 Bb4 4. Ne2 Nc6 5. a3 Ba5 6. e5 Nge7 7. Ng3 Nf5 8. Nxf5
exf5 9. Be3 O-O 10. b4 Bb6 11. Na4 Qh4 12. Nxb6 axb6 13. g3 Qe4 14. Rg1 Qg4 15.
Be2 Qh3 16. Bf3 Be6 17. Bg2 Qg4 18. f3 Qh5 19. Kf2 Ra4 20. c3 Rfa8 21. Bc1 Ne7
22. Rh1 c6 23. h4 b5 24. Bf1 Nc8 25. Be2 Bd7 26. g4 fxg4 27. fxg4 Qg6 28. h5 Qe6
29. h6 g6 30. Kg3 f6 31. exf6 Qd6+ 32. Bf4 Qxf6 33. Qc1 Nd6 34. Bf3 Ne4+ 35.
Bxe4 dxe4 36. Qe3 Qe6 37. Rh4 Rxa3 38. Rd1 Qc4 39. Rc1 Rb3 40. Rh2 Qe6 41. Rh4
Raa3 42. Be5 Rxb4 43. Rf1 Rxc3 44. Qxc3 Rb3 45. Qxb3 Qxb3+ 46. Kg2 Qa2+ 47. Kg1
Qa3 48. Kg2 e3 49. Rf3 Qb2+ 50. Kg3 e2 51. Rh1 Qd2 52. Bg7 e1=Q+ 53. Rxe1 Qxe1+
54. Kg2 Qe7 55. Kg3 Be6 56. Bf6 Qd7 57. Bg7 Bf7 58. Kh3 b4 59. Rf2 b3 60. Kh4
Qe7+ 61. Bf6 Qe1 {White resigns} 0-1

[Event "Team 45 45 League T58"]
[Site "Internet Chess Club"]
[Date "2013.09.01"]
[Round "2"]
[White "Epcot"]
[Black "f5"]
[Result "1-0"]
[WhiteElo "2116"]
[BlackElo "2149"]
[Opening "QGD Slav: 4.e3"]
[ECO "D11"]
[Time "13:45:42"]
[TimeControl "2700+45"]

1. d4 d5 2. c4 c6 3. Nf3 Nf6 4. e3 e6 5. b3 Nbd7 6. Bb2 Bd6 7. Bd3 Ne4 8. O-O
O-O 9. Qc2 f5 10. Ne5 Qf6 11. f4 Qe7 12. Nc3 Ndf6 13. c5 Bc7 14. b4 Bd7 15. a4
a6 16. Ra3 Rfc8 17. Rfa1 Be8 18. Bc1 Qd8 19. Bd2 Nxc3 20. Bxc3 Ne4 21. Be1 Qf6
22. Qe2 g5 23. Bxe4 dxe4 24. fxg5 Qxg5 25. Bg3 Qe7 26. Bf4 Kh8 27. Kh1 Rd8 28.
R3a2 Rxd4 29. exd4 {Black resigns} 1-0

[Event "Team 45 45 League T58"]
[Site "Internet Chess Club"]
[Date "2013.09.02"]
[Round "2"]
[White "daniguti"]
[Black "HematiteBrown"]
[Result "1-0"]
[WhiteElo "1949"]
[BlackElo "2043"]
[Opening "Sicilian: Najdorf, Byrne (English) attack"]
[ECO "B90"]
[Time "19:00:51"]
[TimeControl "2700+45"]

1. e4 c5 2. Nf3 d6 3. d4 cxd4 4. Nxd4 Nf6 5. Nc3 a6 6. Be3 e6 7. f3 b5 8. Qd2
Bb7 9. O-O-O Nbd7 10. g4 h6 11. h4 b4 12. Na4 Qa5 13. b3 Nc5 14. a3 Rc8 15. axb4
Nxb3+ 16. Nxb3 Qxa4 17. Kb2 d5 18. Nc5 Bxc5 19. Bxc5 Nd7 20. Ra1 Qc6 21. exd5
Qxd5 22. Qxd5 exd5 23. Bd4 O-O 24. Bxa6 Bxa6 25. Rxa6 Nb8 26. Rd6 Nc6 27. Bc5
Rfd8 28. Rxd8+ Rxd8 29. Re1 f6 30. f4 Kf7 31. b5 Rb8 32. b6 Rb7 33. Kb3 Nd8 34.
Ra1 h5 35. gxh5 Rd7 36. f5 Nb7 37. Kb4 Kg8 38. Kb5 d4 39. Kc6 Nxc5 40. Kxc5 d3
41. cxd3 Rxd3 42. Rb1 Rf3 43. b7 Rxf5+ 44. Kd6 Rxh5 45. b8=Q+ Kh7 46. Rg1 Rxh4
47. Qf8 g5 48. Qf7+ Kh8 49. Qxf6+ Kh7 50. Qxg5 Rd4+ 51. Ke5 {Black resigns} 1-0

[Event "Team 45 45 League T58"]
[Site "Internet Chess Club"]
[Date "2013.08.30"]
[Round "2"]
[White "SlimeDog2"]
[Black "Stryker672"]
[Result "0-1"]
[WhiteElo "2043"]
[BlackElo "2075"]
[Opening "Kevitz-Trajkovich defense"]
[ECO "A50"]
[Time "20:06:42"]
[TimeControl "2700+45"]

1. d4 Nf6 2. c4 Nc6 3. Nf3 e6 4. d5 exd5 5. cxd5 Bb4+ 6. Nc3 Ne7 7. Qd4 Nexd5 8.
e4 Qe7 9. e5 d6 10. Bc4 dxe5 11. Nxe5 c5 {White resigns} 0-1

[Event "Team 45 45 League T58"]
[Site "Internet Chess Club"]
[Date "2013.08.29"]
[Round "2"]
[White "sidbuddha"]
[Black "MisterDoob"]
[Result "1/2-1/2"]
[WhiteElo "2338"]
[BlackElo "2267"]
[Opening "French: Albin-Alekhine-Châtard attack, Maróczy variation"]
[ECO "C13"]
[Time "22:56:41"]
[TimeControl "2700+45"]

1. e4 e6 2. d4 d5 3. Nc3 Nf6 4. Bg5 Be7 5. e5 Nfd7 6. h4 a6 7. Qg4 Bxg5 8. hxg5
c5 9. g6 f5 10. exf6 Nxf6 11. Qf4 cxd4 12. Qxd4 Nc6 13. Qh4 h6 14. O-O-O O-O 15.
Nf3 b5 16. Ng5 Ne8 17. Nf7 Qxh4 18. Rxh4 Nf6 19. Re1 Nd8 20. Nxd8 Rxd8 21. g3
Bd7 22. Bh3 Re8 23. a4 Kf8 24. a5 Ke7 25. b4 Kd6 26. Rd1 Rec8 27. Kb2 Rc7 28.
Ne2 Rac8 29. c3 Rf8 30. f4 Rfc8 {Game drawn by mutual agreement} 1/2-1/2

[Event "Team 45 45 League T58"]
[Site "Internet Chess Club"]
[Date "2013.08.30"]
[Round "2"]
[White "Matusalen"]
[Black "xwang1"]
[Result "1/2-1/2"]
[WhiteElo "2198"]
[BlackElo "2126"]
[Opening "King's Indian: fianchetto, Panno variation"]
[ECO "E63"]
[Time "19:01:43"]
[TimeControl "2700+45"]

1. Nf3 Nf6 2. c4 g6 3. g3 Bg7 4. Bg2 d6 5. d4 O-O 6. O-O Nc6 7. Nc3 a6 8. Qd3 e5
9. dxe5 dxe5 10. Qxd8 Rxd8 11. Bg5 Re8 12. Rfd1 Be6 13. Nd2 h6 14. Bxf6 Bxf6 15.
Nd5 Bd8 16. Ne4 Kg7 17. Nc5 Bc8 18. Nc3 f5 19. Bxc6 bxc6 20. b3 e4 21. e3 g5 22.
N3a4 f4 23. Nd7 Be7 24. Rd4 Ba3 25. Rad1 f3 26. h3 Bd6 27. c5 Bxd7 28. cxd6 cxd6
29. Nb6 Ra7 30. Nxd7 Rxd7 31. Rxd6 Rxd6 32. Rxd6 c5 33. Kf1 Rc8 34. Ke1 c4 35.
b4 Rb8 36. a3 a5 37. bxa5 Rb3 38. Rd7+ Kf6 39. a6 Rxa3 40. a7 c3 41. Kd1 Ke6 42.
Rh7 Kd5 43. Kc2 h5 44. h4 gxh4 45. gxh4 Ke6 46. Rxh5 Rxa7 47. Kxc3 Ra2 48. Kd4
Ra4+ 49. Kc3 Ra2 50. Kd4 Ra4+ 51. Kc3 Ra2 52. Kd4 {Game drawn by repetition}
1/2-1/2

[Event "Team 45 45 League T58"]
[Site "Internet Chess Club"]
[Date "2013.08.31"]
[Round "2"]
[White "Happybear"]
[Black "Jack-ONeill"]
[Result "1/2-1/2"]
[WhiteElo "1985"]
[BlackElo "2055"]
[Opening "Sicilian: closed, 6.Be3"]
[ECO "B26"]
[Time "12:00:57"]
[TimeControl "2700+45"]

1. e4 c5 2. Nc3 Nc6 3. g3 g6 4. Bg2 Bg7 5. d3 d6 6. Be3 Rb8 7. Nge2 b5 8. Qd2
Nd4 9. h3 b4 10. Nd1 e5 11. f4 Ne7 12. O-O O-O 13. g4 Nxe2+ 14. Qxe2 exf4 15.
Bxf4 Nc6 16. c3 bxc3 17. bxc3 Ba6 18. Rc1 Ne5 19. Nf2 Qa5 20. Rfd1 Qa3 21. Rc2
Rb6 22. Qe1 Qa4 23. Rcd2 Rfb8 24. Qe2 Qa3 25. Rc2 Rb2 26. Bc1 Rxc2 27. Qxc2 Qa5
28. d4 cxd4 29. cxd4 Rc8 30. Qb3 Nc6 31. Bd2 Qb6 32. Qxb6 axb6 33. Be3 Na5 34.
Bf4 Nc4 35. Bf1 b5 36. Bxc4 Rxc4 37. d5 Bf8 38. g5 Bc8 39. Rc1 Rxc1+ 40. Bxc1
Be7 41. Kf1 f6 42. h4 fxg5 43. hxg5 Bd8 44. Bf4 Bc7 45. Ke2 Kf7 46. Kd3 Ke7 47.
Kc3 Ba5+ 48. Kb3 Bd7 49. a3 Bb6 50. Nd3 Bg4 51. Kb4 Be2 52. Kxb5 Bc5 53. Kc4
Bxa3 54. Kd4 Bf1 55. Be3 Be2 56. Kc3 Bxd3 57. Kxd3 Bb2 58. Bd4 Bc1 59. Be3 Bb2
60. Kc4 Be5 61. Bd2 Kd7 62. Bc3 Bg3 63. Kd3 Bf4 64. Bf6 Ke8 65. Ke2 Kf7 66. Kf3
Bd2 67. Bd8 Ke8 68. Bf6 {Game drawn by mutual agreement} 1/2-1/2